AoeStats
← RedPhosphoru

Arabian Desert

510025400Analyzed
1v1 RM · 2d ago on Sep 29, 2026· 27m 38s· 2 players
Game mode
Random Map
Map size
Tiny (2 player)
Population
200
Speed
Normal
Resources
Standard
Victory
Conquest
Starting age
Dark Age
Ending age
Imperial Age
RankedLock teamsTeams togetherTeam positionsShared explorationLock speedFull tech treeHidden civsTurbo modeCheats
Victory
Defeat
🇻🇪 Mongols · Venezuela
2724
+3
🇺🇸 Bohemians · United States
2349
-3
RedPhosphoru
8:12 Loom
9:58 Feudal Age
14:48 Castle Age
DS_Gali
8:22 Feudal Age
8:16 Loom
8:32 Man-at-Arms
19:22 Castle Age
17:29 Fletching
22:56 Bodkin Arrow
Connection lost

Rejoining the realm…

Still unreachable

The connection could not be restored.

Session expired

The server has moved on; the page needs a fresh start.